 Dungeon Crawl Stone Soup version 0.23.2-30-g0e89c35649 (webtiles) character file.

Game seed: 7704840937857834432

224 Reshara the Shield-Bearer (level 5, 0/49 HPs)
             Began as a Deep Dwarf Fighter on June 21, 2019.
             Was an Initiate of Trog.
             Slain by a phantom (9 damage)
             ... on level 4 of the Dungeon.
             The game lasted 00:09:38 (2805 turns).

Reshara the Shield-Bearer (Deep Dwarf Fighter)      Turns: 2805, Time: 00:09:39

Health: 0/49       AC:  0    Str: 20    XL:     5   Next: 67%
Magic:  5/5        EV:  7    Int:  9    God:    Trog [......]
Gold:   211        SH: 14    Dex: 12    Spells: 4/4 levels left

rFire    . . .     SeeInvis .   a - +0 long sword
rCold    . . .     Gourm    .   j - +0 large shield
rNeg     . . .     Faith    .   (no armour)
rPois    .         Spirit   .   (no helmet)
rElec    .         Reflect  .   (no cloak)
rCorr    .         Harm     .   (no gloves)
MR       .....                  (no boots)
Stlth    +.........             (no amulet)
HPRegen  0.00/turn              (no ring)
MPRegen  0.09/turn              (no ring)

@: non-regenerating
A: damage resistance, heal wounds, sense surroundings 1, no regeneration
a: Heal Wounds, Renounce Religion


You were on level 4 of the Dungeon.
You worshipped Trog.
Trog was noncommittal.
You were not hungry.

You visited 1 branch of the dungeon, and saw 4 of its levels.

You collected 211 gold pieces.

Inventory:

Hand Weapons
 a - a +0 long sword (weapon)
Armour
 j - a +0 large shield (worn)
 k - a +0 ring mail
 p - a +0 chain mail
Wands
 r - a wand of iceblast (8)
Scrolls
 b - 3 scrolls of enchant weapon {unknown}
 c - a scroll of remove curse {unknown}
 h - 5 scrolls of identify {unknown}
 l - a scroll of enchant armour {unknown}
 m - a scroll of teleportation {unknown}
 n - 3 scrolls of fear {unknown}
 t - a scroll of blinking {unknown}
Potions
 d - 2 potions of might
 e - a potion of haste {unknown}
 g - 2 potions of flight {unknown}
 i - a potion of degeneration {unknown}
 o - a potion of resistance {unknown}
 q - a potion of brilliance {unknown}
 s - a potion of ambrosia {unknown}
Comestibles
 f - 5 rations


   Skills:
 + Level 3.1 Fighting
 * Level 4.2 Long Blades
 + Level 4.2 Armour
 + Level 1.1 Dodging
 + Level 0.3 Stealth
 + Level 4.3 Shields


You had 4 spell levels left.
You didn't know any spells.
Your spell library contained the following spells:

 Spells                   Type           Power        Failure   Level  Hunger
 Magic Dart               Conj           #...         99%         1    ##.....
 Blink                    Tloc           N/A          100%        2    ###....
 Call Imp                 Summ           #.......     100%        2    ###....
 Slow                     Hex            #.......     100%        2    ###....
 Conjure Flame            Conj/Fire      #.......     100%        3    ####...
 Mephitic Cloud           Conj/Pois/Air  #.......     100%        3    ####...


Dungeon Overview and Level Annotations

Branches:
Dungeon (4/15)
 Temple: D:4-7

Altars:
Elyvilon
Nemelex Xobeh
Okawaru
Trog


Innate Abilities, Weirdness & Mutations

You are resistant to damage.
You can heal yourself by infusing magical energy.
You passively map a small area around you.
You do not regenerate.


Message History

This raw flesh tastes terrible.
Found 18 stones.
You see here 18 stones.
A phantom comes into view.
Found a ration.
You are no longer poisoned.
The phantom hits you!
* * * LOW HITPOINT WARNING * * *
The phantom closely misses you.
You closely miss the phantom. The phantom hits you.
* * * LOW HITPOINT WARNING * * *
The phantom blinks!
You closely miss the phantom.
The phantom blinks!
You hit the phantom.
The phantom is lightly damaged.
You block the phantom's attack.
You barely miss the phantom.
The phantom is lightly damaged.
The phantom hits you!
You die...

#.#.###.#####.*
#.### ... #.# *
#.... , #..# #.#
# #...) , #..#
#(# .# #.... ,
*, ..# #.#####.#
#.... , *
#.###.#.....#
#....
#%.##.#.....#
#....
#..##.#.....#
#.... ,
###.@##.#.....#
#....
#...W.........#
#.... *
#.............#
,
#............#..
, #.........####
* #.$.......# *
, #.........# ,
#.........# * ,
#.........#* *


You could see a phantom.

Vanquished Creatures
  A bullfrog (D:2)
  A hound (D:2)
  A worker ant (D:4)
  2 adders
  3 oozes
  4 worms (D:2)
  2 dart slugs (D:2)
  3 leopard geckos
  2 orcs
  3 giant cockroaches
  5 goblins
  8 hobgoblins
  4 quokkas
  6 bats
  5 frilled lizards
  9 kobolds
  A rat (D:2)
60 creatures vanquished.

Notes
Turn   | Place    | Note
-------+----------+-------------------------------------------
     0 | D:1      | Reshara the Deep Dwarf Fighter began the quest for the Orb.
     0 | D:1      | Reached XP level 1. HP: 20/20 MP: 1/1
   165 | D:1      | Reached XP level 2. HP: 24/27 MP: 2/2
   604 | D:2      | Reached XP level 3. HP: 21/34 MP: 3/3
  1380 | D:2      | Noticed a bullfrog
  1393 | D:2      | Killed a bullfrog
  1393 | D:2      | Reached XP level 4. HP: 25/42 MP: 4/4
  1514 | D:2      | Reached XP level 5. HP: 40/49 MP: 5/5
  2282 | D:3      | Reached skill level 1 in Dodging
  2326 | D:3      | Found a sparkling altar of Nemelex Xobeh.
  2327 | D:3      | Found a white marble altar of Elyvilon.
  2328 | D:3      | Found an iron altar of Okawaru.
  2695 | D:4      | Found a bloodstained altar of Trog.
  2702 | D:4      | Became a worshipper of Trog the Wrathful
  2789 | D:4      | Noticed a phantom
  2805 | D:4      | Slain by a phantom

Skill      XL: |  1  2  3  4  5 |
---------------+----------------+-----
Fighting       | 3 |  3.1
Long Blades    | 3 4 |  4.2
Shields        | 4 |  4.3
Armour         | 4 |  4.2
Dodging        | 1 |  1.1
Stealth        | |  0.3

Action                   |  1- 3 |  4- 6 || total
-------------------------+-------+-------++-------
Melee: Long sword        |    81 |   136 ||   217
 Abil: Heal Wounds       |     2 |     4 ||     6
 Stab: Sleeping          |       |     2 ||     2
  Eat: Chunk             |       |     6 ||     6
Armor: Scale mail        |     2 |       ||     2
       Ring mail         |    16 |     3 ||    19
Dodge: Dodged            |    25 |    31 ||    56
Block: Shield            |     8 |       ||     8
       Large shield      |    65 |   112 ||   177
       Rpst.: Long sword |     9 |     5 ||    14
